 Dungeon Crawl Stone Soup version 0.31-a0-1338-gb567cfdca4 (webtiles) character file.

Game seed: 13689365055045088913

9081 Sonofthefire the Mimic (level 11, -2/70 HPs)
             Began as an Octopode Shapeshifter on Dec 22, 2023.
             Was a Believer of Qazlal.
             Slain by a komodo dragon (29 damage)
             ... on level 1 of the Lair of Beasts.
             The game lasted 00:24:32 (10445 turns).

Sonofthefire the Mimic (Octopode Shapeshifter)     Turns: 10445, Time: 00:24:33

Health: -2/70      AC:  5    Str: 13    XL:     11   Next: 40%
Magic:  11/11      EV: 20    Int: 14    God:    Qazlal [**....]
Gold:   524        SH:  2    Dex: 21    Spells: 10/10 levels left

rFire   . .          .
                       - Unarmed
rCold   . . .        (shield currently unavailable)
rNeg    . . .        (helmet restricted)
rPois   .            x - amulet of magic regeneration
rElec   .            p - +6 ring of dexterity
rCorr   .            r - +4 ring of protection
SInv    +            a - ring of wizardry
Will    .....        s - ring of see invisible
Stlth   +            (no ring)
HPRegen 0.31/turn    (no ring)
MPRegen 0.52/turn    (no ring)
                     (no ring)

%: wizardry (x1)
@: flux-form, glowing
A: glow, contaminating, almost no armour, amphibious, 8 rings, camouflage 1,
gelatinous body 1, (nimble swimmer 1), tentacles
a: Begin Untransformation, Renounce Religion, Upheaval


You were on level 1 of the Lair of Beasts.
You worshipped Qazlal.
Qazlal was pleased with you.
You were something dangerously unstable.
You visited 3 branches of the dungeon, and saw 12 of its levels.

You collected 524 gold pieces.

Inventory:

Missiles
 w - a throwing net
Armour
 q - the +2 shield of Resistance {rF++ rC++ Will++}
   (You found it on level 9 of the Dungeon)

   rF++:      It greatly protects you from fire.
   rC++:      It greatly protects you from cold.
   Will++:    It greatly increases your willpower.
Jewellery
 a - a ring of wizardry (on tentacle)
 p - a +6 ring of dexterity (left tentacle)
 r - a +4 ring of protection (right tentacle)
 s - a ring of see invisible (on tentacle)
 x - an amulet of magic regeneration (around mantle)
Talismans
 b - a beast talisman
 c - a flux talisman (active)
 j - a dragon-blood talisman
Wands
 u - a wand of charming (2) (quivered)
Scrolls
 g - 2 scrolls of amnesia {unknown}
 i - a scroll of enchant armour
 k - 3 scrolls of teleportation {unknown}
 n - 2 scrolls of blinking {unknown}
 o - a scroll of revelation {unknown}
 t - 2 scrolls of vulnerability {unknown}
 v - 2 scrolls of torment {unknown}
 y - a scroll of acquirement {unknown}
Potions
 d - 2 potions of ambrosia
 f - 4 potions of brilliance
 h - 3 potions of enlightenment
 l - 4 potions of curing
 m - 4 potions of cancellation
Miscellaneous
 z - a phantom mirror (inert)


   Skills:
 - Level 4.8 Fighting
 - Level 5.1 Dodging
 - Level 8.8 Unarmed Combat
 + Level 13.1 Shapeshifting


You had 10 spell levels left.
You didn't know any spells.
Your spell library contained the following spells:

 Spells                   Type           Power      Damage    Failure   Level
 Apportation              Tloc           0%         N/A       12%         1
 Kiss of Death            Conj/Necr      0%         2d5       12%         1
 Necrotise                Necr           0%         1d4       12%         1
 Sting                    Conj/Alch      0%         1d3       12%         1
 Summon Small Mammal      Summ           0%         N/A       12%         1
 Blink                    Tloc           0%         N/A       17%         2
 Lesser Beckoning         Tloc           0%         N/A       17%         2
 Momentum Strike          Conj/Tloc      0%         3d8       17%         2
 Call Canine Familiar     Summ           0%         N/A       32%         3
 Confusing Touch          Hex            0%         N/A       32%         3
 Dazzling Flash           Conj/Hex       0%         N/A       32%         3
 Fugue of the Fallen      Necr           0%         N/A       32%         3
 Ozocubu's Armour         Ice            0%         N/A       32%         3
 Summon Guardian Golem    Hex/Summ       0%         N/A       32%         3
 Volatile Blastmotes      Fire/Tloc      0%         2d10      32%         3
 Animate Dead             Necr           0%         N/A       71%         4
 Dispel Undead            Necr           0%         3d6       71%         4
 Fulminant Prism          Conj/Alch      0%         3d5       71%         4
 Iskenderun's Mystic Bla  Conj/Tloc      0%         2d3       71%         4
 Manifold Assault         Tloc           0%         N/A       71%         4
 Starburst                Conj/Fire      0%         6d3       100%        6
 Haunt                    Necr/Summ      0%         N/A       100%        7
 Malign Gateway           Summ/Tloc      0%         N/A       100%        7
 Infestation              Necr           0%         N/A       100%        8
 Maxwell's Capacitive Co  Air            0%         ∞         100%        8
 Summon Horrible Things   Summ           0%         N/A       100%        8


Dungeon Overview and Level Annotations

Branches:
Dungeon (10/15)            Temple (1/1) D:4            Lair (1/5) D:8
    Orc: D:9-12

Altars:
Ashenzari
Cheibriados
Dithmenos
Elyvilon
Fedhas
Gozag
Hepliaklqana
Kikubaaqudgha
Makhleb
Nemelex Xobeh
Okawaru
Qazlal
Ru
Sif Muna
Trog
Uskayaw
Wu Jian
Xom
Yredelemnul
Zin
The Shining One

Shops:
D:6 !   D:8 [   D:9 [


Innate Abilities, Weirdness & Mutations

You are something dangerously unstable.
You glow with magical radiation, making you easy to see and hit.
Foes you strike become dangerously contaminated with magical radiation.
You are incapable of wielding weapons or throwing items.
You cannot wear most types of armour.
You are amphibious.
You can wear up to eight rings at the same time.
Your skin changes colour to match your surroundings (Stealth+).
Your rubbery body absorbs attacks. (AC +1, EV +1)
((You are camouflaged when in or above water. (Stealth+)))
You have tentacles for arms and can constrict up to eight enemies at once.


Message History

The elephant tramples your elephant.
Your elephant holds its ground!
The elephant trunk-slaps your elephant but does no damage.
The elephant tramples you!
* * * LOW HITPOINT WARNING * * *
You hold your ground!
The elephant trunk-slaps you.
* * * LOW HITPOINT WARNING * * *
Your elephant tramples the elephant!
The elephant holds its ground!
Your elephant trunk-slaps the elephant.
The elephant dies!
Qazlal accepts your kill.
Your Shapeshifting skill increases to level 13!
The elephant attacks as it pursues you!
The elephant tramples you but does no damage.
The elephant trunk-slaps you.
* * * LOW HITPOINT WARNING * * *
Your elephant tramples the elephant!
The elephant holds its ground!
Your elephant trunk-slaps the elephant.
You feel much better.
Your elephant shimmers and vanishes!
The elephant closely misses you. The elephant completely misses you.
The elephant misses you. The elephant barely misses you.
The elephant attacks as it pursues you! The elephant tramples you!
* * * LOW HITPOINT WARNING * * *
You stumble backwards!
You feel much better.
The elephant stops glowing.
The basilisk gazes at you. You resist with some effort.
The elephant closely misses you. The elephant completely misses you.
Okay, then.
Okay, then.
Aiming: Charm
Press: ? - help, Shift-Dir - straight line, f/p - elephant
Aim: an elephant (moderately wounded, chance to affect: 17%)
Okay, then.
Okay, then.
A komodo dragon comes into view.
Found a diamond ring.
The komodo dragon moves out of view.
Okay, then.
The komodo dragon bites you!!
You die...

............#†............
...........l.#.....#...♣..
...........####..♣........#
...........# #.l...#......
...........# ##.Y.....♣...
...........# ##..........
..........## # ##..♣..>..♣
........(. #.####Y.......
.......... #..p.Y....♣...
... ##..l.#......# ...
#.....#.#.### ...
##....##...# ... #....#
....# #..... ♣.♣♣ =##..#.
.. #. #..##.


You could see 2 elephants and a komodo dragon.

Vanquished Creatures
  A tengu warrior (D:9)
  A deep elf pyromancer (D:9)
  An ugly thing (D:9)
  3 elephants (Lair:1)
  2 rime drakes (Lair:1)
  A cane toad (Lair:1)
  4 blink frogs (Lair:1)
  Sigmund (D:3)
  A shadow (D:9)
  3 yaks (D:9)
  7 water moccasins
  2 orc warriors (D:9)
  2 black bears (D:7)
  A sky beast (D:7)
  3 ice beasts
  A centaur (D:7)
  3 phantoms
  A kobold brigand (D:7)
  A gnoll sergeant (D:9)
  3 bullfrogs
  Blork the orc (D:6)
  5 scorpions
  5 wights (D:6)
  9 killer bees
  5 howler monkeys
  A jelly (D:5)
  A lava snake (D:9)
  3 gnoll boudas
  A wyvern simulacrum (D:9)
  2 hounds (D:5)
  Crazy Yiuf (D:5)
  3 orc priests
  A sleepcap (D:6)
  2 iguanas
  3 orc wizards
  22 gnolls
  5 adders
  A white imp (D:7)
  A bombardier beetle (D:3)
  A worm (D:2)
  A dart slug (D:4)
  12 orcs
  3 endoplasms
  3 giant cockroaches
  8 hobgoblins
  16 kobolds
  2 quokkas (D:2)
  8 ball pythons
  6 bats
  2 frilled lizards (D:1)
  7 goblins
  8 rats
191 creatures vanquished.

Vanquished Creatures (collateral kills)
  An elephant (Lair:1)
1 creature vanquished.

Grand Total: 192 creatures vanquished

Notes
Turn   | Place    | Note
-------+----------+-------------------------------------------
     0 | D:1      | Sonofthefire the Octopode Shapeshifter began the quest for
                  | the Orb.
     0 | D:1      | Reached XP level 1. HP: 13/13 MP: 1/1
   220 | D:1      | Reached XP level 2. HP: 18/18 MP: 2/2
   288 | D:1      | Found a faded altar of an unknown god.
   950 | D:2      | Reached XP level 3. HP: 23/23 MP: 3/3
  1334 | D:2      | Reached XP level 4. HP: 24/28 MP: 4/4
  1574 | D:2      | Reached skill level 5 in Unarmed Combat
  2131 | D:3      | Noticed Sigmund
  2151 | D:3      | Killed Sigmund
  2152 | D:3      | Reached XP level 5. HP: 33/33 MP: 5/5
  2152 | D:3      | Reached XP level 6. HP: 38/38 MP: 6/6
  2633 | D:3      | Found a sparkling altar of Nemelex Xobeh.
  2902 | D:4      | Found a staircase to the Ecumenical Temple.
  2930 | D:4      | Found a snail-covered altar of Cheibriados.
  2951 | Temple   | Entered the Ecumenical Temple
  3314 | D:4      | Found an iron altar of Okawaru.
  3362 | D:5      | Entered Level 5 of the Dungeon
  3404 | D:5      | Reached XP level 7. HP: 40/43 MP: 7/7
  3610 | D:5      | Found a runed translucent door.
  3611 | D:5      | Noticed Crazy Yiuf
  3617 | D:5      | Killed Crazy Yiuf
  3997 | D:5      | Found a broken altar of Ashenzari.
  4027 | D:5      | Found a stormy altar of Qazlal.
  4195 | D:5      | Found a basalt altar of Yredelemnul.
  4287 | D:5      | Reached skill level 4 in Shapeshifting
  4287 | D:5      | Reached XP level 8. HP: 48/48 MP: 8/8
  4426 | D:6      | Noticed Blork the orc
  4432 | D:6      | Killed Blork the orc
  4505 | D:6      | Found Honan's Distillery.
  4730 | D:5      | Reached skill level 5 in Shapeshifting
  4955 | D:6      | Reached skill level 6 in Shapeshifting
  5144 | D:6      | Reached skill level 7 in Shapeshifting
  5800 | D:5      | Became a worshipper of Qazlal Stormbringer
  5929 | D:7      | Reached XP level 9. HP: 53/53 MP: 9/9
  6049 | D:7      | Reached skill level 8 in Shapeshifting
  6246 | D:7      | Reached skill level 9 in Shapeshifting
  6276 | D:7      | Found a glowing golden altar of the Shining One.
  6665 | D:7      | Reached * piety under Qazlal
  6717 | D:7      | Found a hide-covered altar of Uskayaw.
  7324 | D:8      | Found a glowing silver altar of Zin.
  7431 | D:8      | Found a bloodstained altar of Trog.
  7472 | D:8      | Reached skill level 10 in Shapeshifting
  7608 | D:8      | Found a staircase to the Lair.
  7841 | D:8      | Found a hazy altar of Hepliaklqana.
  7994 | D:8      | Found a blossoming altar of Fedhas.
  8124 | D:8      | Found Eliohum's Armour Shop.
  8278 | D:9      | Found Zuniraci's Antique Armour Shoppe.
  8345 | D:9      | Reached XP level 10. HP: 56/62 MP: 10/10
  8369 | D:9      | Found an ornate altar of the Wu Jian Council.
  8477 | D:9      | Noticed a deep elf pyromancer
  8485 | D:9      | Killed a deep elf pyromancer
  8627 | D:9      | Found the +2 shield of Resistance {rF++ rC++ Will++}
  8910 | D:9      | Noticed a tengu warrior
  8919 | D:9      | Killed a tengu warrior
  9261 | D:9      | Found a shadowy altar of Dithmenos.
  9596 | D:9      | Noticed a white ugly thing
  9597 | D:10     | Entered Level 10 of the Dungeon
  9605 | D:9      | Killed a red ugly thing
  9606 | D:9      | Reached skill level 5 in Dodging
  9722 | D:9      | Reached ** piety under Qazlal
  9723 | D:9      | Reached skill level 11 in Shapeshifting
  9921 | Lair:1   | Entered Level 1 of the Lair of Beasts
  9966 | Lair:1   | Reached XP level 11. HP: 47/70 MP: 11/11
  9970 | Lair:1   | Reached skill level 12 in Shapeshifting
 10436 | Lair:1   | Reached skill level 13 in Shapeshifting
 10436 | Lair:1   | HP: 3/70 [elephant (1)]
 10445 | Lair:1   | Slain by a komodo dragon

Illustrated notes

Levels and vault maps discovered:
D:1:      dpeg_cavernosity, layout_basic, shapermc_ecumenical_altar_hornbeckon
D:2:      layout_basic
D:3:      layout_basic, nicolae_overflow_hidden_temple, hex_intersection,
          kennysheep_flooded_box, minmay_liquid_box, minmay_cupped, uniq_sigmund
D:4:      layout_loops_ring, mainiacjoe_overflow_chevrons,
          okawaru_altar_gauntlet_db, minmay_temple_entry_glass
D:5:      layout_basic, lemuel_round_altar, nicolae_ashenzari_panopticon,
          grunt_qazlal_clouds, uniq_crazy_yiuf_cottage
D:6:      layout_basic, serial_shops, shop, uniq_blork_the_orc
D:7:      layout_loops_cross, nicolae_uskayaw_dance_hall,
          nicolae_tso_carved_into_rock, kennysheep_generic_room_12
D:8:      layout_loops_ring, amcnicky_altar_gilded,
          mainiacjoe_overflow_catch_the_wave, fedhas_altar_3, lair_entry_dummy,
          serial_shops, nicolae_shop_hallway_plus
D:9:      layout_basic, pdpol_wu_jian_five_deadly_venoms,
          mainiacjoe_overflow_alcove_1, serial_shops, shop,
          kennysheep_crisscross, minmay_diamond_spiral
D:10:     layout_basic, kennysheep_little_box, david_orc_1_choice,
          serial_corexii_hall, chequers_hall_statues_y, corexii_hall_statues_x
Temple:   nicolae_temple_little_seven
Lair:1:   layout_cave_pods, basic_altar, grunt_megastairs_3, uniq_jeremiah

Skill      XL: |  1  2  3  4  5  6  7  8  9 10 11 |
---------------+----------------------------------+-----
Unarmed Combat | 4 6 7 8 |  8.8
Shapeshifting  | 4 7 10 11 13 | 13.1
Fighting       | 2 4 |  4.8
Dodging        | 3 5 |  5.1

Action                     |  1- 3 |  4- 6 |  7- 9 | 10-12 || total
---------------------------+-------+-------+-------+-------++-------
  Melee: Unarmed           |    54 |    85 |   240 |   159 ||   538
         Constrict         |    12 |    19 |    51 |    27 ||   109
         Tentacles         |     7 |    16 |    59 |    63 ||   145
         Punch             |     1 |     3 |    15 |       ||    19
  Evoke: Wand              |       |       |     2 |     1 ||     3
         Phantom mirror    |       |       |       |     2 ||     2
    Use: Potion            |       |       |     5 |     4 ||     9
         Scroll            |       |       |     9 |       ||     9
   Stab: Sleeping          |     4 |     8 |     4 |       ||    16
         Distracted        |       |       |     1 |       ||     1
 Armour: Skin              |    21 |    26 |   180 |    73 ||   300
  Dodge: Dodged            |    26 |    47 |   140 |   153 ||   366
  Block: Other             |       |       |     4 |     9 ||    13
   Form: Flux              |       |       |     1 |     1 ||     2
         Beast             |       |       |       |     1 ||     1

Table legend: (Time is in decaauts)
 A = Elapsed time spent in this place.
 B = Non-inter-level travel time spent in this place.
 C = Inter-level travel time spent in this place.
 D = Time resting spent in this place.
 E = Time spent auto-exploring this place.
 F = Levels seen in this place.
 G = Mean time per level.
                   A        B        C        D        E       F      G
               +--------+--------+--------+--------+--------+-----+--------+
         Total |  10378 |   9617 |    761 |   2383 |   5663 |  12 |  864.8 |
       Dungeon |   9866 |   9106 |    760 |   2146 |   5558 |  10 |  986.6 |
        Temple |      1 |      1 |      0 |      0 |      0 |   1 |    1.0 |
          Lair |    510 |    510 |      0 |    237 |    105 |   1 |  510.0 |
               +--------+--------+--------+--------+--------+-----+--------+

Top non-repeatable levels by time:
     D:9: 1650 daAuts
     D:6: 1292 daAuts
     D:7: 1231 daAuts
     D:5: 1119 daAuts
     D:8: 1091 daAuts
     D:2: 1024 daAuts
     D:1: 886 daAuts
     D:4: 799 daAuts
     D:3: 766 daAuts
  Lair:1: 510 daAuts
    D:10: 4 daAuts
  Temple: 1 daAuts
